 Dungeon Crawl Stone Soup version 0.19.5 (webtiles) character file.

235 BunnyWarlock the Covert (level 5, -6/26 HPs)
             Began as a Spriggan Assassin on Mar 26, 2017.
             Killed from afar by an orc wizard (12 damage)
             ... with a puff of flame
             ... on level 4 of the Dungeon.
             The game lasted 00:35:51 (4511 turns).

BunnyWarlock the Covert (Spriggan Assassin)         Turns: 4511, Time: 00:35:52

Health: -6/26      AC:  3    Str:  7    XL:     5   Next: 76%
Magic:  6/6        EV: 17    Int: 12    God:
Gold:   175        SH:  7    Dex: 19    Spells: 0 memorised, 4 levels left

rFire  x . .     SeeInvis +     k - +1 dagger (venom)
rCold  + . .     Gourm    .     c - +0 robe
rNeg   . . .     Faith    .     H - +2 buckler
rPois  .         Spirit   .     (helmet restricted)
rElec  .         Reflect  .     d - +0 cloak
rCorr  .         Harm     .     (gloves unavailable)
MR     .....                    (boots unavailable)
Stlth  ++++......               E - amulet of magic regeneration
                                (no ring)
                                N - ring of ice

@: very quick
A: unfitting armour, see invisible, herbivore 3, speed 3, slow metabolism 2
a: no special abilities


You were on level 4 of the Dungeon.
You were hungry.

You visited 1 branch of the dungeon, and saw 4 of its levels.

You collected 175 gold pieces.

Inventory:

Hand Weapons
 a - a +2 dagger
 b - a +0 blowgun
 k - a +1 dagger of venom (weapon)
 t - a cursed +0 hand axe
 x - a +1 hunting sling of flaming
Missiles
 e - 8 poisoned needles
 f - 2 curare-tipped needles
 i - 20 bolts
 s - 115 stones (quivered)
Armour
 c - a +0 robe (worn)
 d - a +0 cloak (worn)
 q - a +0 cloak
 v - a +0 robe
 A - a +0 buckler
 D - a +0 robe
 G - a +0 robe
 H - a +2 buckler (worn)
Jewellery
 E - an amulet of magic regeneration (around neck)
 N - a ring of ice (left hand)
Scrolls
 j - 3 scrolls of recharging {unknown}
 n - 3 scrolls of teleportation
 o - a scroll of magic mapping {unknown}
 u - a scroll of amnesia {unknown}
 y - a scroll of random uselessness {unknown}
 K - a scroll of remove curse {unknown}
 L - a scroll of identify
 M - a scroll of noise {unknown}
Potions
 h - a potion of heal wounds {unknown}
 l - 3 potions of brilliance {unknown}
 m - a potion of ambrosia {unknown}
 p - a potion of might {unknown}
 w - 2 potions of curing {unknown}
 z - a potion of resistance {unknown}
 B - a potion of agility {unknown}
 C - a potion of cancellation {unknown}
 F - a potion of flight {unknown}
 I - a potion of lignification {unknown}
 J - a potion of degeneration {unknown}
Comestibles
 g - 3 bread rations
 r - 9 fruits


   Skills:
 + Level 2.3 Fighting
 + Level 3.7 Short Blades
 + Level 3.0 Throwing
 + Level 2.6 Dodging
 + Level 8.2 Stealth


You had 4 spell levels left.
You didn't know any spells.

Dungeon Overview and Level Annotations

Branches:
Dungeon (4/15)
 Temple: D:4-7

Altars:
Ashenzari
Dithmenos
Gozag
Uskayaw


Innate Abilities, Weirdness & Mutations

You are very small and have problems with some larger weapons.
You are too small for most types of armour.
You have supernaturally acute eyesight. (SInv)
You are a herbivore.
You cover ground extremely quickly.
You need consume almost no food.


Message History

The orc wizard hits you with a dagger.
The orc wizard gestures at you while chanting.
The puff of flame hits you! The fire burns you terribly!
Ouch! That really hurt!
* * * LOW HITPOINT WARNING * * *
You block the orc wizard's attack.
The orc wizard begins to cast a cantrip, but forgets the words!
You see here a poisoned needle.
You see here a poisoned needle.
e - 8 poisoned needles (gained 1)
You see here 19 arrows.
The orc wizard looks braver for a moment.
You hit the orc wizard but do no damage.
The orc wizard is poisoned.
You block the orc wizard's attack.
The orc wizard gestures at you while chanting.
The puff of frost misses you.
The orc shouts!
The orc wizard points at you and mumbles some strange words.
The puff of flame hits you! The fire burns you terribly!
You die...

####### #####.....#
#......##.## #.###..# ..# ####
#.###..###.##
..##...###...@....#..######
..#.....####รท#o....)......#
.............#............#..#
.........#.#.#..##..##<.......
#......(o.o.o....>...........
##..)...#####.###.....#....#.
##......####..# #.###........
#............## #.(...#.#....
#.......###..#####......##.#.


You could see an orc wizard and 2 orcs.

Vanquished Creatures
  A howler monkey (D:4)
  An orc wizard (D:4)
  2 worker ants (D:4)
  2 adders
  2 adder skeletons (D:4)
  5 worms
  2 dart slugs
  2 leopard geckos
  7 orcs
  6 bats
  3 giant cockroaches
  8 goblins
  10 hobgoblins
  2 jackals (D:1)
  5 kobolds
  3 quokkas
  2 frilled lizards (D:3)
  9 rats
72 creatures vanquished.

Notes
Turn   | Place    | Note
-------+----------+-------------------------------------------
     0 | D:1      | BunnyWarlock the Spriggan Assassin began the quest for the Orb.
     0 | D:1      | Reached XP level 1. HP: 10/10 MP: 2/2
   180 | D:1      | Reached skill level 6 in Stealth
   283 | D:1      | Reached XP level 2. HP: 15/15 MP: 3/3
  1249 | D:2      | Found an opulent altar of Gozag.
  1400 | D:2      | Found a hide-covered altar of Uskayaw.
  1437 | D:2      | Reached XP level 3. HP: 8/18 MP: 4/4
  2821 | D:2      | Reached XP level 4. HP: 15/23 MP: 5/5
  3077 | D:3      | Reached skill level 7 in Stealth
  3327 | D:3      | Found a shattered altar of Ashenzari.
  4120 | D:4      | Reached XP level 5. HP: 26/26 MP: 6/6
  4159 | D:4      | Found a shadowy altar of Dithmenos.
  4279 | D:4      | Reached skill level 8 in Stealth
  4511 | D:4      | Killed from afar by an orc wizard

Skill      XL: |  1  2  3  4  5 |
---------------+----------------+-----
Stealth        | 6 7 8 |  8.2
Throwing       | 3 |  3.0
Fighting       | 2 |  2.3
Dodging        | 2 |  2.6
Short Blades   | 3 |  3.7

Action                   |  1- 3 |  4- 6 || total
-------------------------+-------+-------++-------
Melee: Dagger            |    99 |    92 ||   191
 Fire: Blowgun           |    26 |     1 ||    27
  Use: Scroll            |     4 |     3 ||     7
 Stab: Sleeping          |     7 |    10 ||    17
Armor: Robe              |    10 |     3 ||    13
Dodge: Dodged            |    71 |    35 ||   106
Block: Buckler           |       |    21 ||    21
